 Dungeon Crawl Stone Soup version 0.28.0-43-g3370ac3207 (webtiles) character file.

Game seed: 13425063458341138708

28 dunnowhatimdoing the Cudgeller (level 2, -1/27 HPs)
             Began as a Minotaur Berserker on Feb 28, 2022.
             Was a Follower of Zin.
             Slain by a goblin
             ... wielding a +2 dagger of draining
             ... led by Robin
              (4 damage)
             ... on level 2 of the Dungeon.
             The game lasted 00:12:42 (1144 turns).

dunnowhatimdoing the Cudgeller (Minotaur Berserker) Turns: 1144, Time: 00:12:45

Health: -1/27      AC:  9    Str: 21    XL:     2   Next: 96%
Magic:  1/1        EV:  8    Int:  4    God:    Zin [*.....]
Gold:   40         SH:  0    Dex:  9    Spells: 1/1 levels left

rFire   . . .      SeeInvis .   a - +0 mace
rCold   . . .      Faith    .   (no shield)
rNeg    . . .      Spirit   .   e - +0 chain mail
rPois   .          Reflect  .   (helmet restricted)
rElec   .          Harm     .   (no cloak)
rCorr   .          Rampage  .   (no gloves)
Will    .....                   (no boots)
Stlth   ..........              (no amulet)
HPRegen 0.09/turn               (no ring)
MPRegen 0.07/turn               (no ring)

@: no status effects
A: horns 2, retaliatory headbutt
a: Renounce Religion, Recite, Donate Gold


You were on level 2 of the Dungeon.
You worshipped Zin.
Zin was aware of your devotion.
You visited 1 branch of the dungeon, and saw 3 of its levels.

You collected 44 gold pieces.
You donated 4 gold pieces to Zin.

Inventory:

Hand Weapons
 a - a +0 mace (weapon)
 c - a +0 dagger
 g - a +0 mace
 h - a +0 quarterstaff
 j - a +0 dagger
 l - a +0 whip
Missiles
 n - 17 arrows
Armour
 b - a +0 animal skin
 d - a +0 scale mail
 e - a +0 chain mail (worn)
 k - an orb of light
Potions
 m - a potion of invisibility {unknown}
 p - a potion of curing {unknown}


   Skills:
 + Level 4.1 Fighting
 + Level 4.3 Maces & Flails
 + Level 2.8 Armour
 + Level 2.3 Dodging


You had one spell level left.
You didn't know any spells.
Your spell library was empty.

Dungeon Overview and Level Annotations

Branches:
Dungeon (3/15)

Altars:
Zin

Shops:
D:1 (

Annotations:
D:2 Robin


Innate Abilities, Weirdness & Mutations

You have a pair of horns on your head.
You reflexively headbutt those who attack you in melee.


Message History

The goblin barely misses you.
You climb upwards.
Level annotation: Robin The goblin shouts!
The hobgoblin no longer looks unusually strong.
The hobgoblin hits you but does no damage.
Robin throws the goblin at you!
* * * LOW HITPOINT WARNING * * *
The goblin hits you but does no damage. x2; The hobgoblin barely misses you.
You furiously retaliate!
You headbutt the hobgoblin!
You kill the hobgoblin!
There is a stone staircase leading down here.
As you read the scroll labelled XAGATHRILUA, it crumbles to dust.
You hear a loud clanging noise!
It was a scroll of noise.
The goblin closely misses you. The goblin barely misses you.
You furiously retaliate!
You headbutt the goblin!
You kill the goblin!
The goblin hits you but does no damage.
As you read the scroll labelled ARIEDUGROQ, it crumbles to dust.
You speak a Word of immense power!
It was a scroll of holy word.
The giant cockroach closely misses you. You furiously retaliate!
You headbutt the giant cockroach!
You kill the giant cockroach!
The goblin hits you with a +0 dagger.
* * * LOW HITPOINT WARNING * * *
The hobgoblin closely misses you. You furiously retaliate!
You headbutt the hobgoblin.
The goblin unwields a +0 hunting sling.
The goblin wields a +0 dagger.
The goblin hits you but does no damage.
Robin roars a battlecry!
The goblins go into a battle-frenzy!
The hobgoblin hits you but does no damage.
The goblin hits you but does no damage.
As you read the scroll labelled ZUOTHU UJOU, it crumbles to dust.
The creatures around you are filled with an inner flame!
It was a scroll of immolation.
The goblin hits you with a +0 dagger.
* * * LOW HITPOINT WARNING * * *
The hobgoblin hits you but does no damage.
The goblin hits you but does no damage. Robin throws the goblin at you!
The goblin hits you with a +2 dagger of draining.
You die...

.........# .. ..........
. .......<.# . .
........=# .##.#
.........##............#
........................
.......gg...............
....# #.g@g....<......?..
<...#.#Kgg...............
......#..g...............
.........................
......#............?....#
.......................#.
(.......?........##..##..
................##......
........###.##..#..#....#


You could see Robin (inner flame), 2 hobgoblins, 4 goblins and a kobold (inner
flame).

Vanquished Creatures
  3 dart slugs (D:1)
  4 bats (D:1)
  An endoplasm (D:1)
  A giant cockroach (D:2)
  3 goblins
  3 hobgoblins
  2 ball pythons (D:1)
  2 frilled lizards (D:1)
  A kobold (D:1)
  2 rats (D:1)
22 creatures vanquished.

Notes
Turn   | Place    | Note
-------+----------+-------------------------------------------
     0 | D:1      | dunnowhatimdoing the Minotaur Berserker began the quest for
                  | the Orb.
     0 | D:1      | Reached XP level 1. HP: 19/19 MP: 0/0
   372 | D:1      | Reached XP level 2. HP: 27/27 MP: 1/1
   650 | D:1      | Found a faded altar of an unknown god.
   669 | D:1      | Prayed at the altar of an unknown god.
   669 | D:1      | Fell from the grace of Trog
   669 | D:1      | Became a worshipper of Zin the Law-Giver
   669 | D:1      | Reached * piety under Zin
   828 | D:1      | Found Unkehek's Antique Weapon Boutique.
  1117 | D:2      | Noticed Robin
  1144 | D:2      | Slain by a goblin

Illustrated notes

Levels and vault maps discovered:
D:1:      zelgadis_glass_arrival_small, layout_loops_corners,
          hellmonk_ecumenical_altar_inner_sanctum, serial_shops,
          nicolae_shop_waterfront
D:2:      layout_rooms, serial_bayou_pond_e, uniq_robin
D:3:      layout_basic, nicolae_hepliaklqana_hazy_memory,
          nicolae_overflow_ecumenical_swirl, uniq_pargi, uniq_terence

Skill      XL: |  1  2 |
---------------+-------+-----
Maces & Flails | 4 |  4.3
Fighting       | 4 |  4.1
Armour         | |  2.8
Dodging        | |  2.3

Action                   || total
-------------------------++-------
Melee: Mace              ||    32
       Headbutt          ||     2
  Use: Scroll            ||     3
Armor: Scale mail        ||     3
       Chain mail        ||    28
Dodge: Dodged            ||    25
